 Dungeon Crawl Stone Soup version 0.29-a0-414-g5075937ec3 (webtiles) character file.

Game seed: 9730791969065400255

219 purpskrrrp the Sneak (level 5, 0/53 HPs)
             Began as a Troll Delver on May 15, 2022.
             Slain by a gnoll
             ... wielding a +0 club
             ... led by a gnoll shaman
              (5 damage)
             ... on level 5 of the Dungeon.
             The game lasted 00:04:14 (447 turns).

purpskrrrp the Sneak (Troll Delver)                  Turns: 447, Time: 00:04:14

Health: 0/53       AC:  4    Str: 22    XL:     5   Next: 63%
Magic:  4/4        EV: 10    Int:  6    God:
Gold:   59         SH:  0    Dex: 11    Spells: 4/4 levels left

rFire   . . .      SeeInvis .   i - +0 long sword
rCold   . . .      Faith    .   (no shield)
rNeg    . . .      Spirit   .   b - +0 robe
rPois   .          Reflect  .   (helmet restricted)
rElec   .          Harm     .   (no cloak)
rCorr   .          Rampage  .   (gloves unavailable)
Will    .....                   (boots unavailable)
Stlth   ++........              (no amulet)
HPRegen 0.97/turn               (no ring)
MPRegen 0.09/turn               (no ring)

@: no status effects
A: large, unfitting armour, claws 3, regeneration 1, shaggy fur 1, tough skin 1
a: no special abilities


You were on level 5 of the Dungeon.
You visited 1 branch of the dungeon, and saw 1 of its levels.

You collected 59 gold pieces.

Inventory:

Hand Weapons
 a - a +0 falchion
 i - a +0 long sword (weapon)
Armour
 b - a +0 robe (worn)
 m - a +0 pair of gloves
Wands
 g - a wand of digging (3)
Scrolls
 c - a scroll of fog
 d - 2 scrolls of magic mapping
 e - a scroll of fear
 l - a scroll of identify {unknown}
Potions
 f - a potion of haste
 h - a potion of resistance {unknown}
 j - a potion of heal wounds {unknown}


   Skills:
 + Level 3.0 Fighting
 + Level 2.0 Long Blades
 + Level 2.0 Dodging
 + Level 4.0 Stealth
 + Level 0.7 Evocations


You had 4 spell levels left.
You didn't know any spells.
Your spell library was empty.

Dungeon Overview and Level Annotations

Branches:
Dungeon (5/15)
 Temple: D:4-7

Altars:

Annotations:
D:5 1 runed translucent door, Demosthentine's ghost, amateur HOFi


Innate Abilities, Weirdness & Mutations

You are too large for most types of armour.
You have claws for hands.
Your natural rate of healing is unusually fast.
You are covered in fur. (AC +1)
You have tough skin. (AC +1)


Message History

The gnoll hits you but does no damage. The gnoll hits you with a +0 whip.
The gnoll misses you.
The gnoll hits you from afar with a +0 halberd!
You hit the gnoll shaman.
The gnoll shaman is lightly wounded.
The gnoll hits you from afar with a +0 halberd!
You hit the gnoll shaman.
The gnoll shaman is heavily wounded.
The gnoll closely misses you.
The gnoll shaman invokes the aid of its god against you.
You resist with some effort. The gnoll barely misses you.
You hit the gnoll shaman but do no damage.
The gnoll shaman is heavily wounded.
The gnoll barely misses you. x2
The gnoll shaman hits you with a +0 whip.
The gnoll hits you with a +0 whip! The gnoll completely misses you.
The gnoll shaman barely misses you. The gnoll barely misses you.
You hit the gnoll shaman but do no damage.
The gnoll shaman is heavily wounded.
The gnoll barely misses you. The gnoll hits you with a +0 club.
The gnoll shaman hits you with a +0 whip!
The gnoll barely misses you.
You closely miss the gnoll shaman.
The gnoll shaman is heavily wounded.
The gnoll hits you from afar with a +0 halberd.
* * * LOW HITPOINT WARNING * * *
The gnoll hits you but does no damage. The gnoll closely misses you.
The gnoll shaman barely misses you.
You slash the gnoll shaman!
The gnoll shaman is almost dead.
The gnoll hits you with a +0 club.
* * * LOW HITPOINT WARNING * * *
The gnoll closely misses you.
The gnoll shaman hits you with a +0 whip.
* * * LOW HITPOINT WARNING * * *
The gnoll shaman closely misses you.
The gnoll hits you from afar with a +0 halberd.
* * * LOW HITPOINT WARNING * * *
The gnoll hits you with a +0 club.
You die...

#...........................'.
#...........................#.
#...........................#.
#...........................##
#####......##+####'#######'##.
#......#.........#........
#......#.........'........
#.<....#........##########
#......##@#######. =≈WS
#####.......ggg....... ####
#..........g.......... ....
#..................... ....
#.....†............... ....
#..........########### ###+
#.......)..# #..........#
#..........#


You could see a gnoll shaman and 3 gnolls.

Vanquished Creatures
  A phantom (D:5)
  A scorpion (D:5)
  2 electric eels (D:5)
  An adder (D:5)
5 creatures vanquished.

Notes
Turn   | Place    | Note
-------+----------+-------------------------------------------
     0 | D:5      | purpskrrrp the Troll Delver began the quest for the Orb.
     0 | D:5      | Reached XP level 1. HP: 22/22 MP: 0/0
     5 | D:5      | Found a transporter.
     6 | D:5      | Noticed an electric eel
    64 | D:5      | Found a runed translucent door.
    66 | D:5      | Noticed Demosthentine's ghost (amateur HOFi)
    85 | D:5      | Noticed an electric eel
    89 | D:5      | Killed an electric eel
    90 | D:5      | Reached skill level 3 in Stealth
    90 | D:5      | Reached XP level 2. HP: 21/29 MP: 1/1
    90 | D:5      | Reached XP level 3. HP: 26/36 MP: 2/2
   104 | D:5      | Reached XP level 4. HP: 44/44 MP: 3/3
   111 | D:5      | Found a transporter.
   198 | D:5      | Noticed a phantom
   230 | D:5      | Killed a phantom
   231 | D:5      | Reached XP level 5. HP: 39/52 MP: 4/4
   390 | D:5      | Reached skill level 4 in Stealth
   447 | D:5      | Slain by a gnoll

Illustrated notes

Levels and vault maps discovered:
D:5:      gammafunk_steamed_eel, layout_gridville, ebering_ghost_sewer_d

Skill      XL: |  1  2  3  4  5 |
---------------+----------------+-----
Stealth        | 3 4 |  4.0
Fighting       | 3 |  3.0
Long Blades    | 2 |  2.0
Dodging        | 2 |  2.0
Evocations     | |  0.7

Action                   |  1- 3 |  4- 6 || total
-------------------------+-------+-------++-------
Melee: Falchion          |       |    30 ||    30
       Long sword        |       |    11 ||    11
Evoke: Wand              |     4 |    11 ||    15
Armor: Robe              |       |    13 ||    13
Dodge: Dodged            |       |    30 ||    30

Table legend: (Time is in decaauts)
 A = Elapsed time spent in this place.
 B = Non-inter-level travel time spent in this place.
 C = Inter-level travel time spent in this place.
 D = Time resting spent in this place.
 E = Time spent auto-exploring this place.
 F = Levels seen in this place.
 G = Mean time per level.
                   A        B        C        D        E       F      G
               +--------+--------+--------+--------+--------+-----+--------+
         Total |    455 |    428 |     27 |     61 |    221 |   1 |  455.0 |
       Dungeon |    455 |    428 |     27 |     61 |    221 |   1 |  455.0 |
               +--------+--------+--------+--------+--------+-----+--------+

Top non-repeatable levels by time:
     D:5: 455 daAuts
